 Dungeon Crawl Stone Soup version 0.30.0-15-g856e2d3f33 (webtiles) character file.

Game seed: 14122573736388652906

30 domi the Caller (level 3, -5/24 HPs)
             Began as a Mummy Summoner on May 19, 2023.
             Killed from afar by Terence (9 damage)
             ... with a puff of flame
             ... on level 2 of the Dungeon.
             The game lasted 00:02:13 (1086 turns).

domi the Caller (Mummy Summoner)                    Turns: 1086, Time: 00:02:13

Health: -5/24      AC:  2    Str: 11    XL:     3   Next: 3%
Magic:  1/7        EV: 12    Int: 16    God:
Gold:   82         SH:  0    Dex: 12    Spells: 1/7 levels left

rFire   x . .        f - +0 short sword
rCold   + . .        (no shield)
rNeg    + + +        a - +0 robe
rPois   ∞            (no helmet)
rElec   .            (no cloak)
rCorr   .            (no gloves)
SInv    .            (no boots)
Will    .....        (no amulet)
Stlth   ++           (no ring)
HPRegen 0.24/turn    (no ring)
MPRegen 0.10/turn

%: faith
@: no status effects
A: cold resistance 1, negative energy resistance 3, torment resistance 2, heat
vulnerability 1, in touch with death 1, no potions, faith
a: no special abilities


You were on level 2 of the Dungeon.
You visited 1 branch of the dungeon, and saw 2 of its levels.

You collected 82 gold pieces.

Inventory:

Hand Weapons
 f - a +0 short sword (weapon)
   (You took it off a kobold on level 1 of the Dungeon)
Armour
 a - a +0 robe (worn)
 h - a +1 cloak
   (You found it on level 2 of the Dungeon)
Magical Staves
 c - a staff of earth
   (You found it on level 1 of the Dungeon)
Jewellery
 g - an amulet of guardian spirit {Spirit}
   (You found it on level 2 of the Dungeon)
Scrolls
 b - a scroll of noise {unknown}
 d - a scroll of enchant weapon {unknown}
 e - 3 scrolls of teleportation {unknown}


   Skills:
 - Level 1.5 Dodging
 - Level 1.5 Stealth
 - Level 2.6 Spellcasting
 + Level 4.1 Summonings


You had one spell level left.
You knew the following spells:

 Your Spells              Type           Power      Damage    Failure   Level
c - Call Canine Familiar  Summ           15%        N/A       11%         3
x - Call Imp              Summ           30%        N/A       5%          2
z - Summon Small Mammal   Summ           60%        N/A       3%          1

Your spell library contained the following spells:

 Spells                   Type           Power      Damage    Failure   Level
 Summon Guardian Golem    Hex/Summ       8%         N/A       24%         3
 Summon Lightning Spire   Summ/Air       8%         N/A       63%         4


Dungeon Overview and Level Annotations

Branches:
Dungeon (2/15)

Altars:

Annotations:
D:2 Terence


Innate Abilities, Weirdness & Mutations

You are immune to poison.
Your flesh is cold resistant. (rC+)
You are immune to negative energy. (rN+++)
You are immune to unholy pain and torment.
You are vulnerable to heat. (rF-)
You are in touch with the powers of death.
You do not drink.
You have a special connection with the divine. (Faith)


Message History

A dart slug comes into view.
Found an escape hatch in the floor.
A dart slug is nearby!
A dart slug is nearby!
A dart slug is nearby!
A tiny devil pulls itself out of the air.
The dart slug launches a dart at you. The slug dart hits you.
You hit the dart slug.
Your cerulean imp hits the dart slug but does no damage.
The dart slug launches a dart at you. The slug dart hits you.
You hit the dart slug.
Your cerulean imp hits the dart slug from afar with a -3 spear.
The dart slug launches a dart at you. The slug dart hits you.
You hit the dart slug.
You kill the dart slug!
You have reached level 3!
Your experience leads to an increase in your attributes!
Increase (s)trength, (i)ntelligence, or (d)exterity?
You feel clever. x2
You feel more in touch with the powers of death.
This spell is quite dangerous to cast!
Memorise Call Canine Familiar, consuming 3 spell levels and leaving 1?
You start memorising the spell.
You continue memorising. x3
You finish memorising.
Spell assigned to 'c'.
Okay, then.
Your cerulean imp disappears in a puff of smoke!
You see here a dart slug corpse.
There is an escape hatch in the floor here.
You now have 82 gold pieces (gained 16).
Terence the Incautious comes into view.
He is wielding a +0 mace and carrying a wand of flame (7).
Terence shouts!
A tiny devil pulls itself out of the air.
Your quokka closely misses Terence.
Terence hits your quokka with a +0 mace.
You swap places.
Your quokka barely misses Terence.
Terence barely misses your quokka.
Your quokka bites Terence but does no damage.
Terence hits your quokka but does no damage.
A rat comes into view.
Your quokka bites Terence but does no damage.
Terence closely misses your quokka.
Your quokka closely misses Terence.
Terence closely misses your quokka.
Your quokka bites Terence but does no damage.
Your quokka bites Terence.
Terence zaps a wand.
The puff of flame hits your quokka!
Your quokka dies!
Your quokka's corpse disappears in a puff of smoke!
Your quokka bites Terence.
Terence hits your quokka with a +0 mace!
Your quokka dies!
Your quokka's corpse disappears in a puff of smoke!
Your cerulean imp hits Terence from afar with a -3 spear.
A tiny devil pulls itself out of the air.
Your cerulean imp disappears in a puff of smoke!
Your cerulean imp misses Terence.
Terence zaps a wand.
The puff of flame hits you! The fire burns you terribly!
You swap places.
Your quokka bites Terence.
Your cerulean imp hits Terence from afar with a -3 spear.
Terence closely misses you.
You swap places.
Your quokka bites Terence.
Terence shouts, "DIE!!!"
Terence zaps a wand.
The puff of flame hits your cerulean imp!
Your cerulean imp hits Terence with a -3 spear.
Your quokka bites Terence but does no damage.
Your cerulean imp hits Terence but does no damage.
Terence hits your cerulean imp with a +0 mace.
Your quokka bites Terence but does no damage.
Terence misses your cerulean imp.
Your cerulean imp closely misses Terence.
Your quokka bites Terence.
Your cerulean imp closely misses Terence.
Your quokka bites Terence but does no damage.
Terence closely misses your cerulean imp.
Your quokka bites Terence but does no damage.
Your cerulean imp barely misses Terence.
Terence shouts at your quokka, "Get ready for death!"
Terence hits your quokka with a +0 mace.
Your quokka dies!
Your quokka's corpse disappears in a puff of smoke!
Terence shouts!
Your cerulean imp hits Terence but does no damage.
Terence hits your cerulean imp with a +0 mace.
Terence zaps a wand.
The puff of flame misses your cerulean imp.
The puff of flame hits you! The fire burns you terribly!
Ouch! That really hurt!
* * * LOW HITPOINT WARNING * * *
Your cerulean imp hits Terence but does no damage.
Terence hits your cerulean imp with a +0 mace.
Your cerulean imp dies!
Your cerulean imp disappears in a puff of smoke!
Terence zaps a wand.
The puff of flame hits you! The fire burns you terribly!
You die...

#.# #.# #.# #.#
#.# #.##### #)#
#.....# #r#
#.###.# #@###
#.# #.# #.§.#
########.#
###.###........#
#r@##.########
##.##.# ##.##.#
##.>##.#
##†.###.# #..##
#.# ###.#####.#
#.........#
#.#.#######


You could see Terence (ally target), a rat and a friendly rat (summoned).

Vanquished Creatures
  2 dart slugs
  A bat (D:1)
  An endoplasm (D:1)
  A giant cockroach (D:1)
  A jackal (D:1)
  A quokka (D:1)
7 creatures vanquished.

Vanquished Creatures (collateral kills)
  A dart slug (D:1)
  An endoplasm (D:1)
  A giant cockroach (D:1)
  2 goblins (D:1)
  A hobgoblin (D:1)
  A jackal (D:1)
  A quokka (D:1)
  2 ball pythons (D:1)
  A frilled lizard (D:1)
  2 kobolds (D:1)
  A rat (D:1)
14 creatures vanquished.

Grand Total: 21 creatures vanquished

Notes
Turn   | Place    | Note
-------+----------+-------------------------------------------
     0 | D:1      | domi the Mummy Summoner began the quest for the Orb.
     0 | D:1      | Reached XP level 1. HP: 13/13 MP: 4/4
   303 | D:1      | Reached XP level 2. HP: 19/19 MP: 2/5
   331 | D:1      | Learned a level 2 spell: Call Imp
   467 | D:1      | Found a faded altar of an unknown god.
   688 | D:1      | Reached skill level 4 in Summonings
  1018 | D:2      | Gained mutation: You are in touch with the powers of death.
                  | [Mummy growth]
  1018 | D:2      | Reached XP level 3. HP: 15/24 MP: 4/7
  1022 | D:2      | Learned a level 3 spell: Call Canine Familiar
  1065 | D:2      | Noticed Terence
  1084 | D:2      | HP: 3/24 [Terence/puff of flame (13)]
  1086 | D:2      | Killed from afar by Terence

Illustrated notes

Levels and vault maps discovered:
D:1:      amcnicky_arrival_double_pillar, layout_rooms,
          ebering_ecumenical_altar_ruins, chequers_mini_garden,
          minmay_misc_feat_roman, roderic_lattice_a
D:2:      minmay_alternating_diamond, layout_basic, uniq_terence, uniq_natasha,
          uniq_sigmund

Skill      XL: |  1  2 |
---------------+-------+-----
Summonings     | 4 |  4.1
Dodging        | |  1.5
Stealth        | |  1.5
Spellcasting   | |  2.6

Action                     || total
---------------------------++-------
  Melee: Unarmed           ||    13
         Short sword       ||    20
         Punch             ||     1
   Cast: Summon Small Mamm ||    21
         Call Imp          ||    11
 Armour: Robe              ||     9
  Dodge: Dodged            ||    23

Levels and vault maps discovered:
D:1:      amcnicky_arrival_double_pillar, layout_rooms,
          ebering_ecumenical_altar_ruins, chequers_mini_garden,
          minmay_misc_feat_roman, roderic_lattice_a
D:2:      minmay_alternating_diamond, layout_basic, uniq_terence, uniq_natasha,
          uniq_sigmund

Table legend: (Time is in decaauts)
 A = Elapsed time spent in this place.
 B = Non-inter-level travel time spent in this place.
 C = Inter-level travel time spent in this place.
 D = Time resting spent in this place.
 E = Time spent auto-exploring this place.
 F = Levels seen in this place.
 G = Mean time per level.
                   A        B        C        D        E       F      G
               +--------+--------+--------+--------+--------+-----+--------+
         Total |   1085 |   1077 |      8 |     22 |    827 |   2 |  542.5 |
       Dungeon |   1085 |   1077 |      8 |     22 |    827 |   2 |  542.5 |
               +--------+--------+--------+--------+--------+-----+--------+

Top non-repeatable levels by time:
     D:1: 955 daAuts
     D:2: 129 daAuts

Table legend:
 A = Kills in this place as a percentage of kills in the entire game.
 B = Kills by you in this place as a percentage of kills by you in the entire game.
 C = Kills by friends in this place as a percentage of kills by friends in the entire game.
 D = Other kills in this place as a percentage of other kills in the entire game.
 E = Experience gained in this place as a percentage of experience gained in the entire game.
 F = Experience gained in this place divided by the number of levels of this place that you have seen.
                   A       B       C       D       E      F
               +-------+-------+-------+-------+-------+----------------------
         Total | 100.0 | 100.0 | 100.0 |   N/A | 100.0 |  21.5
       Dungeon | 100.0 | 100.0 | 100.0 |   N/A | 100.0 |  21.5
               +-------+-------+-------+-------+-------+----------------------
